 Dungeon Crawl Stone Soup version 0.23-a0-49-gd9f7a49 (webtiles) character file.

163 GroovyGamera the Ruffian (level 5, 0/53 HPs)
             Began as a Troll Monk on Aug 6, 2018.
             Succumbed to kobold's curare-tipped needle
             ... on level 3 of the Dungeon.
             The game lasted 00:04:38 (1836 turns).

GroovyGamera the Ruffian (Troll Monk)               Turns: 1836, Time: 00:04:39

Health: 0/53       AC:  5    Str: 18 (19) XL:     5   Next: 20%
Magic:  4/4        EV: 11    Int:  3 (6)  God:
Gold:   185        SH:  0    Dex: 10 (13) Spells: 4/4 levels left

rFire    . . .     SeeInvis .     - Unarmed
rCold    . . .     Gourm    +   (no shield)
rNeg     . . .     Faith    .   a - +0 robe
rPois    .         Spirit   .   (helmet restricted)
rElec    .         Reflect  .   (no cloak)
rCorr    .         Harm     .   (gloves unavailable)
MR       .....                  (boots unavailable)
Stlth    +.........             (no amulet)
HPRegen  0.57/turn              (no ring)
MPRegen  0.09/turn              (no ring)

@: lethally poisoned (0 -> -20), slowed, very slow
A: large, unfitting armour, claws 3, fast metabolism 3, gourmand, regeneration
1, shaggy fur 1, tough skin 2
a: no special abilities


You were on level 3 of the Dungeon.
You were very full.

You visited 1 branch of the dungeon, and saw 3 of its levels.

You collected 185 gold pieces.

Inventory:

Missiles
 f - 15 bolts
Armour
 a - a +0 robe (worn)
Jewellery
 k - an uncursed ring of ice
Scrolls
 c - a scroll of identify
 e - a scroll of fog {unknown}
 j - a scroll of teleportation {unknown}
 l - a scroll of immolation {unknown}
 m - a scroll of noise {unknown}
Potions
 d - a potion of berserk rage
 g - 2 potions of curing {unknown}
 h - a potion of heal wounds {unknown}
 i - a potion of degeneration
 o - a potion of agility {unknown}
 p - a potion of resistance {unknown}
Comestibles
 b - 10 rations


   Skills:
 + Level 3.4 Fighting
 + Level 3.4 Dodging
 - Level 1.0 Stealth
 + Level 4.1 Unarmed Combat


You had 4 spell levels left.
You didn't know any spells.
Your spell library was empty.

Dungeon Overview and Level Annotations

Branches:
Dungeon (3/15)

Altars:

Annotations:
D:3 Grinder


Innate Abilities, Weirdness & Mutations

You are too large for most types of armour.
You have claws for hands.
Your metabolism is lightning-fast.
You like to eat raw meat.
Your natural rate of healing is unusually fast.
You are covered in fur. (AC +1)
You have very tough skin. (AC +2)


Message History

You see here a curare-tipped needle.
You feel very sick.
You see here a ring mail.
* * * LOW HITPOINT WARNING * * *
You feel very sick. Grinder gestures at you.
You resist with significant effort.
The kobold shoots a curare-tipped needle.
The curare-tipped needle hits you.
You are lethally poisoned!
You have difficulty breathing.
* * * LOW HITPOINT WARNING * * *
You feel as though you will be slow longer.
You see here a curare-tipped needle.
* * * LOW HITPOINT WARNING * * *
You feel very sick.
It was a potion of degeneration.
There was something very wrong with that liquid.
You feel weakened.
You feel dopey.
You feel clumsy.
You die...

#.#.......#..(..(...# #.#.#
###.......#K..5.....# #.#.#
########.##.........###.#.#
####.......................#..
#............(.(.......#######
#............(.#########
#............[.#
#............(.#######
#............@.#.....#
#..............#.....#
#..............#.....#########
#.[............#..............
############...#......########
##..#......# # #..#......# #
#))#......# # #).#......# #


You could see Grinder and a kobold.

Vanquished Creatures
  Robin (D:3)
  7 adders
  An ooze (D:3)
  2 worms
  2 dart slugs
  2 leopard geckos
  8 bats
  5 giant cockroaches
  14 goblins
  8 hobgoblins
  8 jackals
  4 kobolds
  A ball python (D:3)
  2 frilled lizards
  5 rats
70 creatures vanquished.

Notes
Turn   | Place    | Note
-------+----------+-------------------------------------------
     0 | D:1      | GroovyGamera the Troll Monk began the quest for the Orb.
     0 | D:1      | Reached XP level 1. HP: 22/22 MP: 0/0
   128 | D:1      | Reached XP level 2. HP: 28/29 MP: 1/1
   303 | D:1      | Reached XP level 3. HP: 36/36 MP: 2/2
   764 | D:2      | Reached XP level 4. HP: 45/45 MP: 3/3
  1527 | D:3      | Reached skill level 4 in Unarmed Combat
  1576 | D:3      | Noticed Robin
  1586 | D:3      | Reached XP level 5. HP: 53/53 MP: 4/4
  1602 | D:3      | Killed Robin
  1818 | D:3      | Noticed Grinder
  1836 | D:3      | Succumbed to kobold's curare-tipped needle

Vault maps used:
D:1:      doesnt_arrival_eight_statues, minmay_liquid_box
D:2:      kennysheep_decorative_pillar
D:3:      lemuel_coloured_pillars_altar, first_ration, uniq_robin, uniq_grinder

Skill      XL: |  1  2  3  4 |
---------------+-------------+-----
Fighting       | 3 |  3.4
Dodging        | 3 |  3.4
Unarmed Combat | 4 |  4.1
Stealth        | |  1.0

Action                   |  1- 3 |  4- 6 || total
-------------------------+-------+-------++-------
Melee: Unarmed           |   103 |    71 ||   174
       Punch             |     1 |       ||     1
  Use: Scroll            |       |     2 ||     2
       Potion            |       |     1 ||     1
 Stab: Sleeping          |     1 |     3 ||     4
  Eat: Chunk             |    13 |     9 ||    22
Armor: Robe              |    39 |    18 ||    57
Dodge: Dodged            |    58 |    37 ||    95

Table legend:
 A = Spawn XP
 B = Non-spawn XP
 C = Spawn XP percentage of total XP
 D = Spawn monster count
 E = Non-spawn monster count
 F = Spawn count percentage of total count
 G = Total turns spent on level
                    A         B        C        D         E        F      G
               +---------+---------+-------+---------+---------+-------+---------
         Total |       0 |     234 |   0.0 |       0 |      70 |   0.0 |  1836
               +---------+---------+-------+---------+---------+-------+---------
           D:1 |       0 |      47 |   0.0 |       0 |      24 |   0.0 |   508
           D:2 |       0 |      92 |   0.0 |       0 |      16 |   0.0 |   912
           D:3 |       0 |      95 |   0.0 |       0 |      30 |   0.0 |   416
               +---------+---------+-------+---------+---------+-------+---------
